 Dungeon Crawl Stone Soup version 0.21.1-1-g345015f (webtiles) character file.

77 lrcuk01 the Chopper (level 4, 0/61 HPs)
             Began as a Minotaur Berserker on Feb 6, 2018.
             Was a Follower of Trog.
             Slain by an iron imp (3 damage)
             ... summoned by Natasha
             ... on level 2 of the Dungeon.
             The game lasted 00:13:38 (1299 turns).

lrcuk01 the Chopper (Minotaur Berserker)            Turns: 1299, Time: 00:13:39

Health: 0/61       AC: 22    Str: 23    XL:     4   Next: 13%
Magic:  3/3        EV:  2    Int:  4    God:    Trog [*.....]
Gold:   110        SH:  0    Dex:  9    Spells: 3/3 levels left

rFire    . . .     SeeInvis .   a - +0 hand axe
rCold    . . .     Gourm    .   (no shield)
rNeg     + + +     Faith    .   (armour currently unavailable)
rPois    +         Spirit   .   (helmet currently unavailable)
rElec    .         Reflect  .   (cloak currently unavailable)
rCorr    .         Harm     .   (gloves currently unavailable)
MR       .....     NoTele   +   (boots currently unavailable)
Stlth    +.........             (no amulet)
HPRegen  0.20/turn              (no ring)
MPRegen  0.08/turn              (no ring)

@: tree-form, slowed, very slow
A: (retaliatory headbutt)
a: Berserk, Burn Spellbooks, Renounce Religion


You were on level 2 of the Dungeon.
You worshipped Trog.
Trog was aware of your devotion.
You were not hungry.
You were a tree.
You visited 1 branch of the dungeon, and saw 2 of its levels.

You collected 110 gold pieces.

Inventory:

Hand Weapons
 a - a +0 hand axe (weapon)
 f - a cursed -1 dagger
 h - a +0 spear
Missiles
 e - 17 sling bullets
 g - 15 poisoned needles
 k - 5 tomahawks of dispersal (quivered)
Armour
 b - a +0 animal skin (melded)
 i - a +2 robe of cold resistance
 j - a +0 leather armour
Potions
 l - a potion of degeneration {unknown}
Comestibles
 c - 5 rations


   Skills:
 + Level 4.6 Fighting
 + Level 4.8 Axes
 + Level 2.7 Armour
 + Level 2.6 Dodging
 + Level 0.2 Stealth


You had 3 spell levels left.
You didn't know any spells.

Dungeon Overview and Level Annotations

Branches:
Dungeon (2/15)

Altars:

Annotations:
D:2 Natasha


Innate Abilities, Weirdness & Mutations

((You reflexively headbutt those who attack you in melee.))
((You have a pair of horns on your head.))


Message History

Trog accepts your kill.
Natasha stares at you and mumbles some strange words.
You feel as though you will be slow longer.
Natasha extends her claws.
Natasha barely misses you.
You hit Natasha but do no damage.
Natasha is heavily wounded.
You hit the iron imp. Natasha casts a spell at you. The magic dart hits you!
* * * LOW HITPOINT WARNING * * *
The iron imp hits you but does no damage.
Natasha claws you.
* * * LOW HITPOINT WARNING * * *
It was a potion of lignification.
You turn into a tree.
Your +0 animal skin melds into your body.
Your roots penetrate the ground.
The iron imp puffs mist at you. The iron imp hits you.
You die...

........≈≈♣≈≈...
....
.......g≈≈≈≈≈...
...
##.##....≈≈≈.).♣
♣.
#.##.g.......♣♣
♣♣
#.....#.....♣♣ ♣
####..#####♣♣
#..######
#....5..##
##.##h♣..#
#.####### #.#
#.# #.# #.# #.#
#.# #.# #.#
##### #. #.#
...<. #. #.#
##### ###.
#########.##


You could see an iron imp and Natasha.

Vanquished Creatures
  Jessica (D:2)
  Natasha (D:2)
  A leopard gecko (D:2)
  2 bats
  3 goblins
  4 hobgoblins
  4 jackals (D:1)
  A quokka (D:2)
  A frilled lizard (D:1)
  3 kobolds (D:1)
  2 rats (D:1)
  4 fungi (D:1)
27 creatures vanquished.

Notes
Turn   | Place    | Note
-------+----------+-------------------------------------------
     0 | D:1      | lrcuk01 the Minotaur Berserker began the quest for the Orb.
     0 | D:1      | Reached XP level 1. HP: 19/19 MP: 0/0
   258 | D:1      | Reached XP level 2. HP: 26/27 MP: 1/1
   965 | D:2      | Noticed Jessica
   990 | D:2      | Killed Jessica
   990 | D:2      | Reached XP level 3. HP: 15/34 MP: 2/2
  1216 | D:2      | Noticed Natasha
  1225 | D:2      | Killed Natasha
  1225 | D:2      | Reached XP level 4. HP: 21/41 MP: 3/3
  1263 | D:2      | Noticed Natasha
  1298 | D:2      | HP: 2/41 [Natasha (1)]
  1299 | D:2      | Slain by an iron imp

Skill      XL: |  1  2 |
---------------+-------+-----
Fighting       | 4 |  4.6
Axes           | 4 |  4.8
Armour         | |  2.7
Dodging        | |  2.6
Stealth        | |  0.2

Action                   |  1- 3 |  4- 6 || total
-------------------------+-------+-------++-------
Melee: Hand axe          |    65 |     9 ||    74
       Headbutt          |    20 |     2 ||    22
  Use: Potion            |     1 |     1 ||     2
       Scroll            |       |     2 ||     2
  Eat: Chunk             |     1 |       ||     1
Armor: Animal skin       |    11 |     2 ||    13
Dodge: Dodged            |    30 |     4 ||    34
